 Dungeon Crawl Stone Soup version 0.17.1-1-g73c8601 (webtiles) character file.

74 Goblin1989 the Sneak (level 4, -5/23 HPs)
             Began as a Vine Stalker Assassin on Jan 2, 2016.
             Killed from afar by an orc wizard (8 damage)
             ... with a puff of flame
             ... on level 3 of the Dungeon.
             The game lasted 00:05:20 (1338 turns).

Goblin1989 the Sneak (Vine Stalker Assassin)        Turns: 1338, Time: 00:05:20

Health: -5/23      AC:  3    Str: 13    XL:     4   Next: 30%
Magic:  0/5        EV: 11    Int: 12    God:
Gold:   149        SH:  0    Dex: 16    Spells: 0 memorised, 3 levels left

rFire  . . .     SeeInvis .     a - +2 dagger
rCold  . . .     Clarity  .     c - +0 robe
rNeg   . . .     SustAt   .     (no shield)
rPois  .         Gourm    .     (no helmet)
rElec  .         Spirit   +     d - +0 cloak
rCorr  .         Warding  .     (no gloves)
rMut   .         Stasis   .     (no boots)
MR     .....                    (no amulet)
Stlth  +++.......               (no ring)
                                (no ring)

@: not resistant to hostile enchantments, fairly stealthy
A: fangs 2, regeneration 1, magic shield, antimagic bite, no device heal 3, rot
immunity
a: no special abilities


You were on level 3 of the Dungeon.
You were very hungry.

You visited 1 branch of the dungeon, and saw 3 of its levels.

You collected 149 gold pieces.

Inventory:

Hand Weapons
 a - a +2 dagger (weapon)
 b - a +0 blowgun
Missiles
 e - 18 poisoned needles
 f - 2 curare-tipped needles
Armour
 c - a +0 robe (worn)
 d - a +0 cloak (worn)
Jewellery
 t - a +4 ring of dexterity {unknown}
Scrolls
 i - a scroll of fear {unknown}
 l - a scroll of identify {unknown}
 m - 3 scrolls of remove curse {unknown}
 s - a scroll of random uselessness {unknown}
Potions
 h - a potion of curing {unknown}
 j - a potion of flight {unknown}
 k - a potion of mutation {unknown}
 p - a potion of might {unknown}
 q - a potion of heal wounds {unknown}
 r - a potion of agility {unknown}
Comestibles
 g - a bread ration
 n - 3 meat rations
 o - 5 fruits


   Skills:
 - Level 1.7 Fighting
 * Level 3.5 Short Blades
 - Level 1.7 Throwing
 - Level 0.7 Dodging
 + Level 5.5 Stealth


You had 3 spell levels left.
You didn't know any spells.

Dungeon Overview and Level Annotations

Branches:
Dungeon (3/15)

Altars:
The Shining One


Innate Abilities, Weirdness & Mutations

You have extremely sharp teeth.
Your natural rate of healing is unusually fast.
When hurt, damage is shared between your health and your magic reserves.
Your bite disrupts and absorbs the magic of your enemies.
Potions and wands cannot restore your health.
You are immune to rotting.


Message History

The bat hits you but does no damage. The bat barely misses you.
The bat closely misses you. The bat barely misses you.
The bat hits you but does no damage. The bat completely misses you.
The bat misses you. The bat closely misses you.
You hear some strange, mumbled words.
A puff of frost appears from out of thin air!
The puff of frost misses you.
A bat is nearby!
Something hits you. x2
* * * LOW HITPOINT WARNING * * *
You hit something. Your bite misses something. Something barely misses you.
You miss something. Your bite misses something. Something hits you.
* * * LOW HITPOINT WARNING * * *
You hit something. Your bite misses something.
You hear some strange, mumbled words.
A puff of flame appears from out of thin air!
The puff of flame hits you!
You die...

#.# .. #.# .. #.#
#. #.## #.##..#
#..#..# #.#..#
#@#..# #.#..#
###b#..# ######
#..K...# .....#
#.#.##s## .###.#
#.#..#.K# .#
#.#########.##.##.#
####### .#
#...........##..#K#
.......
.###############
#.#l##.......


You could see a bat and a kobold.

Vanquished Creatures
  4 adders
  2 worms (D:2)
  2 orcs (D:3)
  7 bats
  6 hobgoblins
  A giant cockroach (D:1)
  A giant gecko (D:2)
  A giant newt (D:1)
  4 goblins (D:2)
  A kobold (D:1)
  A quokka (D:2)
  5 rats
35 creatures vanquished.

Notes
Turn   | Place    | Note
--------------------------------------------------------------
     0 | D:1      | Goblin1989 the Vine Stalker Assassin began the quest for the Orb.
     0 | D:1      | Reached XP level 1. HP: 11/11 MP: 2/2
   124 | D:1      | Reached XP level 2. HP: 15/15 MP: 3/3
   127 | D:1      | Reached skill level 5 in Stealth
   642 | D:2      | Reached XP level 3. HP: 13/18 MP: 1/4
   982 | D:2      | Found a glowing golden altar of the Shining One.
  1136 | D:2      | Reached XP level 4. HP: 21/23 MP: 5/5
  1338 | D:3      | Killed from afar by an orc wizard

Action                   |  1- 3 |  4- 6 || total
-------------------------+-------+-------++-------
Melee: Dagger            |    95 |    19 ||   114
 Stab: Sleeping          |     4 |       ||     4
